Map: [ESL] Cosmic Sapphire

Players

Bly - Winner!

  • Race: Zerg Zerg
  • Spawn Location: 5:00

ForJumy

  • Race: Protoss Protoss
  • Spawn Location: 11:00

Event: DreamHack SC2 Masters 2022 Atlanta (Online)

VOD

Have the link to the VOD?

Description

Time

  • Played on: Oct. 9, 2022, 11:07 a.m.
  • Length: 9:07

All games in this series

Show
View Real Time Build Order
Export as new Build Order

Bly Zerg - Winner!

Build Orders: 3 Hatch before Pool 

Get SALT Encoding   

  12  0:00  Drone  
  13  0:13  Overlord  
  13  0:18  Drone  
  14  0:32  Drone x2  
  16  0:46  Drone  
  16  0:47  Drone  
  18  1:03  Drone  
  19  1:12  Hatchery  
  18  1:21  Hatchery  
  18  1:23  Drone  
  18  1:33  Extractor  
  18  1:38  Spawning Pool  
  16  1:41  Drone  
  16  1:46  Drone  
  18  1:47  Drone  
  18  1:52  Drone  
  20  2:01  Evolution Chamber  
  20  2:04  Drone  
  22  2:16  Hatchery  
  22  2:21  Drone  
  22  2:26  Queen x2  
  26  2:34  Evolution Chamber  
  26  2:35  Hatchery  
  25  2:41  Drone x2  
  27  2:46  Metabolic Boost  
  27  2:49  Overlord  
  28  2:52  Extractor  
  28  2:53  Extractor  
  28  2:54  Extractor  
  28  2:57  Zergling x4  
  27  2:59  Zergling x2  
  31  3:19  Spore Crawler  
  30  3:21  Spore Crawler  
  30  3:23  Drone x6  
  35  3:31  Queen  
  35  3:34  Drone, Overlord  
  36  3:43  Overlord  
  36  3:50  Zergling x4  
  36  3:51  Zergling x2  
  39  3:58  Drone  
  39  3:59  Spore Crawler  
  39  4:06  Drone  
  39  4:11  Drone x2  
  40  4:18  Overlord  
  40  4:19  Zergling x12, Queen  
  40  4:20  Queen  
  49  4:35  Zergling x6  
  50  4:46  Drone x5  
  50  4:52  Spore Crawler  
  51  4:55  Drone x3  
  54  5:04  Drone x3  
  57  5:10  Overlord  
  57  5:13  Drone x2  
  57  5:14  Overlord  
  57  5:16  Evolution Chamber  
  56  5:26  Drone x2  
  58  5:30  Overlord  
  58  5:32  Lair  
  58  5:33  Drone x5  
  63  5:41  Drone  
  63  5:42  Drone x4  
  68  5:46  Zerg Melee Weapons Level 1  
  66  5:50  Roach Warren  
  66  5:55  Overlord  
  66  5:56  Hatchery  
  63  6:01  Drone x8  
  68  6:07  Drone  
  68  6:08  Drone x2  
  68  6:10  Drone x4  
  74  6:16  Drone x2  
  74  6:17  Extractor  
  75  6:20  Hatchery  
  74  6:28  Extractor  
  74  6:29  Extractor  
  74  6:31  Hydralisk Den  
  71  6:33  Drone  
  71  6:34  Drone x4  
  71  6:38  Extractor x2  
  71  6:39  Drone x3  
  77  6:40  Drone x3  
  77  6:43  Drone  
  81  6:49  Spore Crawler  
  81  6:50  Zergling x4  
  81  6:52  Overlord x2  
  81  6:53  Hatchery, Overlord x2  
  81  7:00  Glial Reconstitution  
  81  7:01  Muscular Augments  
  81  7:04  Overlord  
  81  7:12  Evolution Chamber  
  80  7:18  Zergling x22  
  80  7:19  Zergling x8  
  91  7:51  Hydralisk x11  
  91  7:52  Overlord x2  
  91  7:54  Hatchery  
  109  8:06  Hydralisk x4  
  109  8:07  Zergling x8  
  111  8:25  Zergling x2  
  111  8:26  Zergling x10  
  117  8:30  Zergling x10  
  117  8:32  Overseer  
  117  8:33  Roach  
  117  8:34  Roach x3  
  129  8:43  Zergling x2  
  129  8:44  Zergling x14  
  137  8:53  Spore Crawler  
Show
View Real Time Build Order
Export as new Build Order

ForJumy Protoss 

Build Orders: Oracle Opening, Zealot Archon 

Get SALT Encoding   

  12  0:00  Probe  
  13  0:12  Probe  
  14  0:19  Pylon  
  14  0:24  Probe (Chrono Boost)  
  15  0:37  Probe (Chrono Boost)  
  15  0:40  Gateway  
  16  0:45  Probe (Chrono Boost)  
  17  0:50  Assimilator  
  17  0:52  Probe  
  18  1:04  Probe  
  19  1:16  Probe  
  20  1:28  Zealot, Probe, Cybernetics Core  
  20  1:32  Pylon  
  23  1:50  Probe  
  24  2:05  Adept (Chrono Boost)  
  26  2:17  Probe  
  27  2:23  Assimilator  
  27  2:29  Probe  
  28  2:35  Nexus  
  28  2:38  Adept  
  28  2:41  Probe  
  31  2:47  Pylon  
  31  2:55  Stargate  
  31  2:59  Warp Gate  
  32  3:05  Probe (Chrono Boost)  
  32  3:11  Adept  
  34  3:14  Probe (Chrono Boost)  
  35  3:20  Probe  
  36  3:32  Probe  
  33  3:37  Oracle (Chrono Boost)  
  36  3:46  Probe (Chrono Boost)  
  38  3:48  Probe (Chrono Boost)  
  38  3:59  Probe (Chrono Boost)  
  38  4:01  Probe (Chrono Boost)  
  40  4:02  Adept  
  40  4:04  Probe (Chrono Boost)  
  40  4:08  Probe  
  48  4:11  Void Ray (Chrono Boost)  
  49  4:20  Probe  
  49  4:23  Nexus  
  44  4:32  Pylon  
  44  4:34  Probe  
  44  4:39  Probe  
  44  4:43  Assimilator  
  44  4:45  Assimilator  
  45  4:46  Probe  
  45  4:48  Adept  
  45  4:51  Probe  
  49  4:58  Probe  
  50  5:04  Stargate  
  50  5:07  Probe  
  50  5:10  Probe  
  51  5:15  Adept  
  51  5:19  Probe  
  54  5:21  Pylon  
  54  5:27  Pylon  
  54  5:28  Pylon  
  54  5:33  Gateway, Pylon  
  54  5:35  Probe x2 (Chrono Boost)  
  56  5:36  Probe (Chrono Boost)  
  56  5:37  Adept  
  59  5:47  Probe (Chrono Boost)  
  59  5:48  Probe (Chrono Boost)  
  66  5:50  Probe (Chrono Boost), Void Ray  
  66  5:52  Shield Battery, Probe (Chrono Boost)  
  66  5:54  Probe (Chrono Boost)  
  66  5:55  Probe (Chrono Boost)  
  64  6:05  Twilight Council  
  64  6:07  Probe (Chrono Boost)  
  64  6:09  Probe (Chrono Boost)  
  65  6:12  Probe (Chrono Boost)  
  65  6:14  Probe (Chrono Boost)  
  65  6:15  Probe (Chrono Boost)  
  67  6:19  Probe  
  67  6:24  Probe  
  73  6:25  Probe  
  73  6:29  Void Ray, Pylon  
  74  6:36  Probe  
  74  6:39  Zealot, Protoss Air Weapons Level 1  
  81  6:40  Void Ray  
  81  6:43  Forge  
  81  6:47  Charge  
  81  6:49  Pylon  
  81  6:53  Probe x2 (Chrono Boost)  
  84  6:57  Assimilator  
  84  6:58  Zealot, Probe (Chrono Boost)  
  84  7:00  Assimilator  
  86  7:04  Templar Archives, Probe (Chrono Boost)  
  86  7:05  Probe (Chrono Boost)  
  86  7:07  Probe (Chrono Boost)  
  89  7:12  Probe  
  89  7:14  Probe  
  91  7:19  Probe  
  91  7:22  Gateway  
  92  7:24  Probe  
  92  7:26  Gateway  
  92  7:27  Gateway  
  93  7:30  Gateway  
  93  7:32  Gateway  
  93  7:33  Gateway  
  93  7:34  Psionic Storm  
  89  7:42  Void Ray  
  89  7:49  High Templar  
  89  7:50  High Templar  
  89  7:51  Probe  
  94  7:52  Probe  
  94  7:54  Archon  
  94  7:55  Probe  
  96  8:03  Probe (Chrono Boost)  
  86  8:12  Void Ray  
  73  8:13  Probe x2 (Chrono Boost)  
  73  8:20  High Templar  
  73  8:21  Probe (Chrono Boost)  
  73  8:22  Robotics Facility, Probe x2 (Chrono Boost)  
  73  8:25  High Templar  
  73  8:26  Shield Battery  
  79  8:27  Probe (Chrono Boost)  
  79  8:29  Probe x2 (Chrono Boost)  
  79  8:34  High Templar  
  84  8:39  Photon Cannon, Probe (Chrono Boost)  
  87  8:44  Probe x2 (Chrono Boost)  
  87  8:46  Probe (Chrono Boost)  
  92  8:51  Probe x2  
  92  8:54  Zealot x2, Probe  
  98  9:00  Zealot x2  
Tags
 
Add a new tag
Caveats
  • Supply blocks, unpowered buildings, or Contaminate may cause inaccurate times.
  • Supply counts are checked every 10 seconds.